AoeStats
← BigOleGiraffe

Nomad

510264773Analyzed
4v4 RM · 3d ago on Sep 30, 2026· 73m 32s· 8 players
Game mode
Random Map
Map size
231×231
Population
200
Speed
Normal
Resources
Standard
Victory
Conquest
Starting age
Dark Age
Ending age
Imperial Age
RankedLock teamsTeams togetherTeam positionsShared explorationLock speedFull tech treeHidden civsTurbo modeCheats
Victory
Defeat
🇳🇱 Italians · Netherlands
1092
+15
🇧🇪 Spanish · Belgium
1064
+16
🇨🇳 Goths · China
1058
+17
🇳🇿 Danes · New Zealand
1056
+17
🇨🇦 Persians · Canada
1100
-18
🇲🇽 Saracens · Mexico
1084
-17
🇨🇦 Bengalis · Canada
1051
-15
🇺🇸 Burmese · United States
1047
-15
BigOleGiraffe
6:23 Loom
16:51 Feudal Age
17:33 Double-Bit Axe
17:46 Fishing Lines
19:32 Stone Mining
22:02 Castle Age
21:02 Gold Mining
21:46 Fletching
23:58 Bow Saw
24:26 Bodkin Arrow
24:55 Padded Archer Armor
25:11 Gillnets
26:36 Wheelbarrow
26:30 Horse Collar
28:10 Kamandaran
28:40 Crossbowman
29:37 Leather Archer Armor
30:42 Thumb Ring
31:09 Ballistics
31:33 Hand Cart
31:37 Heavy Plow
32:40 Scale Barding Armor
32:45 Forging
34:20 Chain Barding Armor
38:20 Imperial Age
35:36 Town Watch
36:36 Iron Casting
36:37 Medium Warships
36:43 Husbandry
36:53 Bloodlines
37:17 Murder Holes
37:32 Masonry
38:17 Gold Shaft Mining
39:21 Plate Barding Armor
39:49 Chemistry
39:23 Architecture
41:23 Ring Archer Armor
41:51 Elite War Elephant
43:02 Elite Skirmisher
44:29 Conscription
44:51 Citadels
hugoliu2004
6:15 Loom
17:20 Feudal Age
17:23 Man-at-Arms
20:04 Forging
20:18 Fletching
20:35 Padded Archer Armor
21:20 Arson
25:02 Castle Age
24:39 Bloodlines
24:51 Fletching
25:18 Light Cavalry
28:03 Iron Casting
27:49 Husbandry
31:29 Wheelbarrow
31:23 Bodkin Arrow
32:45 Horse Collar
35:38 Manipur Cavalry
36:26 Scale Barding Armor
46:33 Town Watch
47:10 Hand Cart
48:48 Gold Mining
48:49 Stone Mining
54:11 Imperial Age
54:06 Heavy Plow
55:33 Gold Shaft Mining
56:57 Blast Furnace
56:24 Chain Barding Armor
57:06 Chemistry
56:27 Ballistics
58:02 Town Patrol
59:55 Plate Barding Armor
59:28 Howdah
60:51 Elite Arambai
vince.dion123
3:59 Loom
15:45 Feudal Age
16:32 Double-Bit Axe
17:31 Fishing Lines
22:45 Castle Age
21:10 Fletching
22:53 Padded Archer Armor
23:06 Bloodlines
24:15 Husbandry
25:33 Gillnets
27:07 Ballistics
29:18 Bodkin Arrow
30:42 Wheelbarrow
30:46 Leather Archer Armor
32:32 Town Watch
34:33 Forging
34:29 Scale Barding Armor
36:37 Chain Barding Armor
38:02 Iron Casting
41:25 Imperial Age
39:49 Redemption
40:06 Murder Holes
43:40 Chemistry
43:26 Conscription
43:12 Paiks
49:12 Bracer
49:21 Elite Elephant Archer
50:32 Ring Archer Armor
57:24 Gold Mining
57:24 Stone Mining
57:50 Siege Elephant
66:58 Hand Cart
oOoOo_oO
6:15 Loom
13:45 Feudal Age
14:25 Double-Bit Axe
16:04 Town Watch
21:52 Castle Age
21:34 Horse Collar
21:54 Crossbowman
22:50 Fletching
24:25 Wheelbarrow
25:12 Bodkin Arrow
27:58 Scale Barding Armor
28:06 Heavy Plow
28:32 Bloodlines
28:51 Gold Mining
30:23 Hand Cart
32:19 Chain Barding Armor
32:05 Padded Archer Armor
33:22 Chain Barding Armor
36:08 Leather Archer Armor
36:25 Town Patrol
37:07 Gold Shaft Mining
40:27 Husbandry
40:39 Forging
43:32 Imperial Age
41:55 Thumb Ring
43:11 Iron Casting
43:37 Arbalester
44:18 Bracer
44:41 Ballistics
47:53 Chemistry
47:05 Heavy Camel Rider
53:02 Ring Archer Armor
53:38 Plate Barding Armor
67:47 Blast Furnace
Wimvdm91
13:53 Feudal Age
14:37 Fishing Lines
15:08 Double-Bit Axe
21:10 Castle Age
20:28 Stone Mining
21:55 Gillnets
25:23 Forging
27:03 Scale Barding Armor
28:39 Bloodlines
28:31 Husbandry
37:27 Horse Collar
38:26 Gold Mining
39:13 Wheelbarrow
41:48 Imperial Age
41:10 Hand Cart
40:58 Heavy Plow
44:05 Chemistry
43:26 Ballistics
43:17 Fortified Wall
43:35 Bow Saw
43:31 Onager
46:33 Conscription
47:08 Cavalier
48:29 Paladin
49:47 Scale Mail Armor
51:48 Squires
51:09 Pikeman
53:03 Stone Shaft Mining
53:40 Two-Man Saw
54:45 Halberdier
57:25 Chain Mail Armor
58:02 Iron Casting
57:29 Arson
58:07 Chain Barding Armor
61:55 Plate Mail Armor
62:25 Blast Furnace
65:58 Plate Barding Armor
66:18 Medium Warships
68:42 Fletching
72:24 Bodkin Arrow
72:30 Padded Archer Armor
Maca
15:57 Feudal Age
21:18 Castle Age
18:58 Man-at-Arms
19:23 Arson
19:41 Scale Mail Armor
19:52 Forging
21:56 Double-Bit Axe
22:02 Gambesons
23:46 Stone Mining
24:25 Long Swordsman
25:06 Squires
26:36 Chain Mail Armor
28:46 Pikeman
33:27 Imperial Age
35:47 Halberdier
56:04 Plate Mail Armor
55:25 Fletching
58:02 Chemistry
57:28 Capped Ram
61:12 Iron Casting
60:34 Bodkin Arrow
60:03 Hamask
61:04 Conscription
66:10 Elite Jomsviking
狂雷金刚拳!
4:21 Loom
15:13 Feudal Age
15:44 Town Watch
16:34 Wheelbarrow
15:46 Double-Bit Axe
17:24 Fishing Lines
20:49 Gold Mining
21:49 Scale Mail Armor
22:00 Forging
21:53 Stone Mining
22:18 Fletching
21:51 Man-at-Arms
24:52 Castle Age
25:48 Bodkin Arrow
26:08 Chain Mail Armor
26:16 Hand Cart
26:11 Squires
25:56 Horse Collar
29:29 Stone Shaft Mining
45:27 Heavy Plow
45:52 Bow Saw
51:18 Imperial Age
48:15 Long Swordsman
49:44 Anarchy
50:54 Pikeman
52:28 Iron Casting
51:25 Two-Handed Swordsman
52:28 Conscription
52:15 Perfusion
52:15 Champion
54:42 Crop Rotation
58:58 Two-Man Saw
58:30 Halberdier
61:26 Elite Huskarl
63:16 Blast Furnace
62:34 Town Patrol
71:29 Gillnets
DEG
6:26 Loom
15:09 Feudal Age
15:56 Fishing Lines
18:48 Castle Age
23:06 Imperial Age
21:26 Gillnets
23:31 Fletching
23:42 Padded Archer Armor
24:10 Sanctity
24:35 Double-Bit Axe
24:59 Bodkin Arrow
25:34 Fervor
26:30 Wheelbarrow
28:12 Crossbowman
29:24 Arbalester
31:55 Chemistry
31:16 Ballistics
32:31 Bow Saw
34:44 Bracer
34:42 Gold Mining
37:27 Thumb Ring
39:21 Medium Warships
39:53 Conscription
40:14 Leather Archer Armor
51:08 Hand Cart
51:03 Horse Collar
52:07 Ring Archer Armor
53:45 Two-Man Saw
62:30 Elite Genoese Crossbowman
Connection lost

Rejoining the realm…

Still unreachable

The connection could not be restored.

Session expired

The server has moved on; the page needs a fresh start.